 Dungeon Crawl Stone Soup version 0.24.0-13-gcf9b3192b9 (webtiles) character file.

Game seed: 17961712365953454514, levelgen mode: deterministic

16 Aviak the Caller (level 2, -1/20 HPs)
             Began as a Ghoul Summoner on Nov 5, 2019.
             Slain by a leopard gecko (3 damage)
             ... on level 2 of the Dungeon.
             The game lasted 00:01:03 (528 turns).

Aviak the Caller (Ghoul Summoner)                    Turns: 528, Time: 00:01:04

Health: -1/20      AC:  2    Str: 11    XL:     2   Next: 54%
Magic:  0/3        EV: 12    Int: 10    God:
Gold:   23         SH:  0    Dex:  9    Spells: 3/4 levels left

rFire    . . .     SeeInvis .   (no weapon)
rCold    + . .     Gourm    .   (no shield)
rNeg     + + +     Faith    .   a - +0 robe
rPois    ∞         Spirit   .   (no helmet)
rElec    .         Reflect  .   (no cloak)
rCorr    .         Harm     .   (no gloves)
MR       .....                  (no boots)
Stlth    ++........             (no amulet)
HPRegen  0.00/turn              (no ring)
MPRegen  0.08/turn              (no ring)

@: rotting
A: rotting body, claws 1, carnivore, cold resistance 1, negative energy
resistance 3, inhibited regeneration, torment resistance, unbreathing
a: no special abilities


You were on level 2 of the Dungeon.
You were not hungry.

You visited 1 branch of the dungeon, and saw 2 of its levels.

You collected 23 gold pieces.

Inventory:

Armour
 a - a +0 robe (worn)
Scrolls
 d - a scroll of identify {unknown}
 e - a scroll of immolation {unknown}
Comestibles
 c - a ration
 f - a chunk of flesh


   Skills:
 + Level 2.8 Dodging
 - Level 2.1 Stealth
 - Level 1.7 Spellcasting
 - Level 3.6 Summonings


You had 3 spell levels left.
You knew the following spells:

 Your Spells              Type           Power        Failure   Level  Hunger
a - Summon Small Mammal   Summ           #...         8%          1    ##.....

Your spell library contained the following spells:

 Spells                   Type           Power        Failure   Level  Hunger
 Call Imp                 Summ           #.......     11%         2    ###....
 Call Canine Familiar     Summ           #.......     22%         3    ####...
 Summon Guardian Golem    Hex/Summ       #.......     43%         3    ####...
 Summon Ice Beast         Ice/Summ       #.......     83%         4    #####..
 Summon Lightning Spire   Summ/Air       #.......     83%         4    #####..


Dungeon Overview and Level Annotations

Branches:
Dungeon (1/15)

Altars:


Innate Abilities, Weirdness & Mutations

Your body is rotting away.
You thrive on raw meat.
You are immune to poison.
You have sharp fingernails.
You are carnivorous and can eat meat at any time.
Your flesh is cold resistant. (rC+)
You are immune to negative energy. (rN+++)
You do not regenerate when monsters are visible.
You are immune to unholy pain and torment.
You can survive without breathing.


Message History

You closely miss the leopard gecko.
The leopard gecko is almost dead.
The leopard gecko barely misses you. The leopard gecko closely misses you.
Your bat barely misses the leopard gecko.
You barely miss the leopard gecko.
The leopard gecko is almost dead.
Your bat barely misses the leopard gecko.
The leopard gecko bites you.
You barely miss the leopard gecko.
The leopard gecko is almost dead.
Your bat hits the leopard gecko but does no damage.
The leopard gecko barely misses you.
You closely miss the leopard gecko.
The leopard gecko is almost dead.
The leopard gecko bites you.
* * * LOW HITPOINT WARNING * * *
Casting: Summon Small Mammal (safe; 8% risk of failure)
Confirm with . or Enter, or press ? or * to list all spells.
The leopard gecko bites you.
You die...

... .? ## ...
.. . #.. .#.#
#..^ .#.##
#... .. .
#..# .#.#
#.r##.#.####.
#..@l#...b...
##.##K# #
#.##.#.#
#..†...#
####......#
#?..$#...
........#
##.#..#.#
.#..# #


You could see a leopard gecko, a kobold and a friendly rat.

Vanquished Creatures
  An ooze (D:2)
  A leopard gecko (D:1)
  A ball python (D:2)
  2 hobgoblins (D:1)
  3 bats (D:1)
  3 kobolds
  A rat (D:1)
12 creatures vanquished.

Vanquished Creatures (collateral kills)
  A kobold (D:1)
1 creature vanquished.

Grand Total: 13 creatures vanquished

Notes
Turn   | Place    | Note
-------+----------+-------------------------------------------
     0 | D:1      | Aviak the Ghoul Summoner began the quest for the Orb.
     0 | D:1      | Reached XP level 1. HP: 14/14 MP: 2/2
   288 | D:1      | Reached XP level 2. HP: 20/20 MP: 1/3
   492 | D:1      | You fall into a shaft and drop 1 floor!
   528 | D:2      | Slain by a leopard gecko

Levels and vault maps discovered:
D:1:      scummos_arrival_checkerplants, layout_loops_cross
D:2:      layout_loops_ring, lemuel_coloured_pillars_altar

Skill      XL: |  1 |
---------------+----+-----
Dodging        | 2 |  2.8
Stealth        | |  2.1
Spellcasting   | |  1.7
Summonings     | |  3.6

Action                   || total
-------------------------++-------
Melee: Unarmed           ||    61
 Cast: Summon Small Mamm ||     9
  Use: Potion            ||     1
 Stab: Sleeping          ||     1
Armor: Robe              ||    15
Dodge: Dodged            ||    71
